 Dungeon Crawl Stone Soup version 0.21-a0-394-gdc75ea7 (webtiles) character file.

445 terra52 the Charmwright (level 7, -5/56 HPs)
             Began as a Gnoll Skald on Oct 18, 2017.
             Slain by firebrand's ghost (10 damage)
             ... on level 4 of the Dungeon.
             The game lasted 00:07:01 (1364 turns).

terra52 the Charmwright (Gnoll Skald)               Turns: 1364, Time: 00:07:02

Health: -5/56      AC:  8    Str: 15    XL:     7   Next: 3%
Magic:  3/15       EV: 13    Int: 16    God:
Gold:   68         SH:  0    Dex: 14    Spells: 5/16 levels left

rFire    . . .     SeeInvis .   a - +0 spear
rCold    . . .     Gourm    +   (no shield)
rNeg     . . .     Faith    .   i - +2 ring mail {rPois}
rPois    +         Spirit   .   k - +0 helmet
rElec    .         Reflect  .   (no cloak)
rCorr    .         Harm     .   (no gloves)
MR       .....                  (no boots)
Stlth    +.........             u - amulet of the gourmand
HPRegen  0.18/turn              (no ring)
MPRegen  0.14/turn              (no ring)

@: infused
A: distributed training, fangs 1, strong nose
a: no special abilities


You were on level 4 of the Dungeon.
You were not hungry.

You visited 1 branch of the dungeon, and saw 5 of its levels.

You collected 68 gold pieces.

Inventory:

Hand Weapons
 a - a +0 spear (weapon)
 g - a +3 vampiric hand axe
Armour
 b - a +0 leather armour
 i - a +2 ring mail of poison resistance (worn)
 k - a +0 helmet (worn)
Jewellery
 u - an amulet of the gourmand (around neck)
Wands
 r - a wand of paralysis (7/24)
Scrolls
 n - 3 scrolls of identify {unknown}
 o - a scroll of magic mapping {unknown}
 p - a scroll of immolation {unknown}
 q - a scroll of remove curse {unknown}
Potions
 e - a potion of berserk rage {unknown}
 f - a potion of magic {unknown}
 h - 2 potions of flight {unknown}
 j - 2 potions of might {unknown}
 m - a potion of curing {unknown}
 s - a potion of heal wounds {unknown}
 t - a potion of cancellation {unknown}
Books
 c - a book of Battle

   Spells                             Type                      Level
   a - Infusion                       Charms                       1
   b - Shroud of Golubria             Charms/Translocation         2
   c - Song of Slaying                Charms                       2
   d - Spectral Weapon                Hexes/Charms                 3
   e - Regeneration                   Charms/Necromancy            3
Comestibles
 d - 5 bread rations
 l - 5 meat rations
 v - a royal jelly


   Skills:
 + Level 5.1 Fighting
 + Level 2.2 Short Blades
 + Level 2.2 Long Blades
 + Level 2.2 Axes
 + Level 2.2 Maces & Flails
 + Level 5.1 Polearms
 + Level 2.2 Staves
 + Level 2.2 Slings
 + Level 2.2 Bows
 + Level 2.2 Crossbows
 + Level 2.2 Throwing
 + Level 3.4 Armour
 + Level 5.1 Dodging
 + Level 2.2 Stealth
 + Level 2.2 Shields
 + Level 2.2 Unarmed Combat
 + Level 5.4 Spellcasting
 + Level 1.7 Conjurations
 + Level 1.7 Hexes
 + Level 5.7 Charms
 + Level 1.7 Summonings
 + Level 1.7 Necromancy
 + Level 1.7 Translocations
 + Level 1.7 Transmutations
 + Level 1.7 Fire Magic
 + Level 1.7 Ice Magic
 + Level 1.7 Air Magic
 + Level 1.7 Earth Magic
 + Level 1.7 Poison Magic
 + Level 2.4 Invocations
 + Level 2.2 Evocations


You had 5 spell levels left.
You knew the following spells:

 Your Spells              Type           Power        Failure   Level  Hunger
a - Infusion              Chrm           ###.         2%          1    None
b - Regeneration          Chrm/Necr      ###.......   19%         3    ###....
c - Spectral Weapon       Hex/Chrm       ###.....     19%         3    ###....
d - Shroud of Golubria    Chrm/Tloc      ###.......   9%          2    #......
e - Song of Slaying       Chrm           ###.....     4%          2    #......


Dungeon Overview and Level Annotations

Branches:
Dungeon (5/15)
 Temple: D:4-7

Altars:
Fedhas
Makhleb
Vehumet

Annotations:
D:4 firebrand's ghost, amateur HOFi


Innate Abilities, Weirdness & Mutations

Your experience applies equally to all skills.
You have very sharp teeth.
Your uncanny sense of smell can sniff out nearby items.


Message History

Firebrand's ghost is almost destroyed.
Firebrand's ghost hits you but does no damage.
You hit firebrand's ghost.
Firebrand's ghost is almost destroyed.
Firebrand's ghost barely misses you.
You hit firebrand's ghost but do no damage.
Firebrand's ghost is almost destroyed.
You hit firebrand's ghost but do no damage.
Firebrand's ghost is almost destroyed.
Firebrand's ghost closely misses you.
You hit firebrand's ghost. Your bite misses firebrand's ghost.
Firebrand's ghost is almost destroyed.
Firebrand's ghost closely misses you.
You hit firebrand's ghost but do no damage.
Firebrand's ghost is almost destroyed.
Firebrand's ghost misses you.
You hit firebrand's ghost but do no damage.
Firebrand's ghost is almost destroyed.
Firebrand's ghost hits you!
You die...

...<#.....# #.#
##.#...###
#####.#.#.# #.#
#.###....
..###.....# ###.#
#.# ###..
#...#.....# ..#.#
#.# ###
#.#.....#...##.#.#
#.#
#.############.#.#
#.# #.# #.#.# #.#
#.#.# #.#
######.#@# #.#
#......W.# #.
#.####....# #(#
####.# #.# .# #.#
.# #W#######.#
#.#........ #.#.#


You could see firebrand's ghost.

Vanquished Creatures
  An ogre (D:4)
  A phantom (D:4)
  A scorpion (D:4)
  Jessica (D:3)
  Terence (D:3)
  A worker ant (D:4)
  Robin (D:2)
  7 adders
  A worm (D:2)
  2 leopard geckos
  An orc (D:4)
  3 giant cockroaches (D:3)
  17 goblins
  11 hobgoblins
  A quokka (D:2)
  3 bats (D:2)
  5 frilled lizards
  7 kobolds
  5 rats
70 creatures vanquished.

Vanquished Creatures (others)
  A spectral weapon (D:4)
1 creature vanquished.

Grand Total: 71 creatures vanquished

Notes
Turn   | Place    | Note
-------+----------+-------------------------------------------
     0 | D:1      | terra52 the Gnoll Skald began the quest for the Orb.
     0 | D:1      | Reached XP level 1. HP: 20/20 MP: 6/6
   105 | D:1      | Reached XP level 2. HP: 23/26 MP: 7/7
   155 | D:2      | Reached skill level 5 in Spellcasting
   155 | D:2      | Reached XP level 3. HP: 25/31 MP: 2/9
   184 | D:2      | Learned a level 3 spell: Regeneration
   188 | D:2      | Learned a level 3 spell: Spectral Weapon
   191 | D:2      | Learned a level 2 spell: Shroud of Golubria
   194 | D:2      | Learned a level 2 spell: Song of Slaying
   205 | D:2      | Reached skill level 1 in Invocations
   213 | D:2      | Found a radiant altar of Vehumet.
   244 | D:2      | Noticed Robin
   264 | D:2      | Reached skill level 1 in Short Blades
   264 | D:2      | Reached skill level 1 in Long Blades
   264 | D:2      | Reached skill level 1 in Axes
   264 | D:2      | Reached skill level 1 in Maces & Flails
   264 | D:2      | Reached skill level 1 in Staves
   264 | D:2      | Reached skill level 1 in Slings
   264 | D:2      | Reached skill level 1 in Bows
   264 | D:2      | Reached skill level 1 in Crossbows
   264 | D:2      | Reached skill level 1 in Throwing
   264 | D:2      | Reached skill level 1 in Stealth
   264 | D:2      | Reached skill level 1 in Shields
   264 | D:2      | Reached skill level 1 in Unarmed Combat
   264 | D:2      | Reached skill level 1 in Evocations
   267 | D:2      | Reached XP level 4. HP: 26/38 MP: 0/11
   273 | D:2      | Killed Robin
   470 | D:1      | Reached skill level 1 in Conjurations
   470 | D:1      | Reached skill level 1 in Hexes
   470 | D:1      | Reached skill level 1 in Summonings
   470 | D:1      | Reached skill level 1 in Necromancy
   470 | D:1      | Reached skill level 1 in Translocations
   470 | D:1      | Reached skill level 1 in Transmutations
   470 | D:1      | Reached skill level 1 in Fire Magic
   470 | D:1      | Reached skill level 1 in Ice Magic
   470 | D:1      | Reached skill level 1 in Air Magic
   470 | D:1      | Reached skill level 1 in Earth Magic
   470 | D:1      | Reached skill level 1 in Poison Magic
   586 | D:3      | Noticed Jessica
   592 | D:3      | Killed Jessica
   592 | D:3      | Reached XP level 5. HP: 43/43 MP: 7/12
   621 | D:3      | Found a blossoming altar of Fedhas.
   702 | D:3      | Found a burning altar of Makhleb.
   749 | D:3      | Noticed Terence
   759 | D:3      | Killed Terence
  1027 | D:4      | Noticed an ogre
  1036 | D:4      | Killed an ogre
  1036 | D:4      | Reached XP level 6. HP: 38/50 MP: 4/13
  1131 | D:4      | Noticed a phantom
  1156 | D:4      | Killed a phantom
  1156 | D:4      | Reached skill level 5 in Fighting
  1156 | D:4      | Reached skill level 5 in Polearms
  1156 | D:4      | Reached skill level 5 in Dodging
  1264 | D:4      | Reached XP level 7. HP: 42/56 MP: 5/15
  1285 | D:5      | Entered Level 5 of the Dungeon
  1318 | D:4      | Noticed firebrand's ghost (amateur HOFi)
  1364 | D:4      | Slain by firebrand's ghost

Vault maps used:
D:1:      dpeg_arrival_morbid_curiosity
D:2:      nicolae_overflow_crystal_walls, trog_three_pillars_becter, uniq_robin
D:3:      marbit_many_paths, kennysheep_okawaru_gauntlet, serial_glass,
          glass_columns_a, glass_columns_b, first_bread, fedhas_altar_3,
          uniq_jessica, uniq_terence
D:4:      old_forge, lemuel_crystal_altar, columned_hall_lemuel,
          minmay_large_rounded_square
D:5:      lemuel_doored_altar, serial_park_tiny_pond, moated_statue,
          eino_tiny_chamber

Skill      XL: |  1  2  3  4  5  6 |
---------------+-------------------+-----
Spellcasting   | 5 |  5.4
Invocations    | 1 2 |  2.4
Short Blades   | 1 2 |  2.2
Long Blades    | 1 2 |  2.2
Axes           | 1 2 |  2.2
Maces & Flails | 1 2 |  2.2
Staves         | 1 2 |  2.2
Slings         | 1 2 |  2.2
Bows           | 1 2 |  2.2
Crossbows      | 1 2 |  2.2
Throwing       | 1 2 |  2.2
Stealth        | 1 2 |  2.2
Shields        | 1 2 |  2.2
Unarmed Combat | 1 2 |  2.2
Evocations     | 1 2 |  2.2
Conjurations   | 1 |  1.7
Hexes          | 1 |  1.7
Summonings     | 1 |  1.7
Necromancy     | 1 |  1.7
Translocations | 1 |  1.7
Transmutations | 1 |  1.7
Fire Magic     | 1 |  1.7
Ice Magic      | 1 |  1.7
Air Magic      | 1 |  1.7
Earth Magic    | 1 |  1.7
Poison Magic   | 1 |  1.7
Armour         | 3 |  3.4
Fighting       | 5 |  5.1
Polearms       | 5 |  5.1
Dodging        | 5 |  5.1
Charms         | |  5.7

Action                   |  1- 3 |  4- 6 |  7- 9 || total
-------------------------+-------+-------+-------++-------
Melee: Spear             |    58 |   143 |    26 ||   227
       Bite              |     2 |    14 |     6 ||    22
       Punch             |       |     1 |     2 ||     3
 Cast: Infusion          |     6 |    17 |     2 ||    25
       Spectral Weapon   |     1 |     3 |     1 ||     5
       Song of Slaying   |     1 |       |       ||     1
       Regeneration      |       |     2 |     1 ||     3
       Shroud of Golubri |       |       |     1 ||     1
 Stab: Distracted        |     1 |       |       ||     1
       Sleeping          |       |     2 |       ||     2
  Eat: Chunk             |       |     3 |     2 ||     5
Armor: Leather armour    |     6 |       |       ||     6
       Ring mail         |    23 |    41 |     4 ||    68
Dodge: Dodged            |    52 |    67 |    10 ||   129

Table legend:
 A = Spawn XP
 B = Non-spawn XP
 C = Spawn XP percentage of total XP
 D = Spawn monster count
 E = Non-spawn monster count
 F = Spawn count percentage of total count
 G = Total turns spent on level
                    A         B        C        D         E        F      G
               +---------+---------+-------+---------+---------+-------+---------
         Total |       0 |     636 |   0.0 |       0 |      70 |   0.0 |  1364
               +---------+---------+-------+---------+---------+-------+---------
           D:1 |       0 |      46 |   0.0 |       0 |      20 |   0.0 |   289
           D:2 |       0 |     117 |   0.0 |       0 |      32 |   0.0 |   398
           D:3 |       0 |      89 |   0.0 |       0 |      11 |   0.0 |   313
           D:4 |       0 |     384 |   0.0 |       0 |       7 |   0.0 |   360
               +---------+---------+-------+---------+---------+-------+---------
